Remparts vs Carnivores
Created - December 23, 2017 at 19:07
Goals
|
| Remparts |
4 |
1 |
1 |
6 |
| Carnivores |
3 |
1 |
0 |
4 |
|
Shots
|
| Remparts |
19 |
13 |
12 |
44 |
| Carnivores |
9 |
15 |
5 |
29 |
|
1st period
1. Carnivores , Brendan Gallagher 13 (Sasha Pokulok 13, Blake Geoffrion 26) at 4:13
2. Remparts , Daniel Paille 18 (Max Reinhart 12) at 5:35
3. Remparts , Daniel Paille 19 (Max Reinhart 13, Mika Zibanejad 23) at 8:26
4. Carnivores , Mark McNeill 1 (Zack Smith 7) at 10:20
5. Remparts , Guillaume Desbiens 21 (William Colbert 12, Alex Galchenyuk 19) at 10:34
6. Carnivores , Brendan Gallagher 14 (Blake Geoffrion 27) at 11:18
7. Remparts , Alex Galchenyuk 17 (Guillaume Desbiens 22, Griffin Reinhart 7) at 16:53
Penalties :
Scott Laughton (Bre) for Hooking (Minor) at 11:47
2nd period
8. Carnivores , Sasha Pokulok 2 (Mark Jankowski 3) at 10:45 (SH)
9. Remparts , Guillaume Desbiens 22 (Alex Galchenyuk 20) at 15:14
Penalties :
Scott Laughton (Bre) for Hooking (Minor) at 0:39, Jeremy Welsh (Bre) for Roughing (Double Minor) at 7:40
3rd period
10. Remparts , Ryan Strome 6 (Max Reinhart 14, Michael Paliotta 1) at 15:51
Penalties :
Mike Weber (Que) for High sticking (Minor) at 3:23, Michal Jordan (Que) for Interference (Minor) at 9:11
Goalie Stats
Igor Bobkov (Que), 25 saves from 29 shots - (0.862), W, 6-4-2, 60:00 minutes
Antti Raanta (Bre), 38 saves from 44 shots - (0.864), L, 6-5-3, 60:00 minutes
Players Stats for Remparts
Player Name G A P +/- PIM S H SB GA TA FO MP PP MP PK MP
------------------------------------------------------------------------------------
Alex Galchenyuk 1 2 3 -1 0 11 1 0 0 0 3/3 22:37 3:53 1:09
Chris Mueller 0 0 0 0 0 0 0 0 0 0 4/5 12:09 0:00 0:52
Cody Ceci 0 0 0 -2 0 0 1 1 0 0 0/0 23:35 0:11 1:46
Dale Weise 0 0 0 0 0 0 0 0 0 0 0/0 7:22 0:00 0:00
Daniel Paille 2 0 2 3 0 6 1 0 1 0 1/1 15:50 3:41 0:00
Griffin Reinhart 0 1 1 3 0 0 0 1 0 0 0/0 20:22 2:53 2:27
Guillaume Desbiens 2 1 3 -1 0 7 2 1 2 1 0/0 22:34 3:53 1:06
Johannes Salmonsson 0 0 0 0 0 1 1 0 1 0 0/0 9:24 0:23 1:57
Matt Halischuk 0 0 0 0 0 3 1 0 1 0 0/0 11:45 0:24 0:00
Max Reinhart 0 3 3 3 0 0 0 0 0 0 8/17 17:32 3:41 2:00
Michael Paliotta 0 1 1 0 0 0 1 0 0 0 0/0 12:42 0:07 1:11
Michal Jordan 0 0 0 1 2 0 0 0 2 0 0/0 15:08 2:53 0:35
Mika Zibanejad 0 1 1 -1 0 0 0 1 0 0 16/32 21:11 3:49 0:00
Mike Weber 0 0 0 3 2 0 2 1 0 0 0/0 20:25 4:57 0:44
Mitchell Heard 0 0 0 0 0 0 2 1 0 0 0/0 7:32 0:27 0:00
Pasi Salonen 0 0 0 0 0 6 1 0 0 0 0/0 12:09 0:00 0:52
Ryan Strome 1 0 1 3 0 7 0 1 1 0 0/0 15:45 3:40 0:00
William Colbert 0 1 1 -1 0 3 1 0 0 0 0/0 27:58 4:53 1:13
Players Stats for Carnivores
Player Name G A P +/- PIM S H SB GA TA FO MP PP MP PK MP
------------------------------------------------------------------------------------
Adam Almquist 0 0 0 0 0 0 0 0 0 0 0/0 0:00 0:00 0:00
Adam Pelech 0 0 0 0 0 0 0 0 0 0 0/0 5:59 0:00 0:00
Blake Geoffrion 0 2 2 1 0 4 1 0 1 1 1/2 25:05 1:55 3:03
Bobby Sanguinetti 0 0 0 -1 0 0 1 0 0 1 0/0 17:37 1:44 3:23
Brendan Gallagher 2 0 2 1 0 6 3 1 0 0 1/1 22:24 1:55 3:57
Colton Orr 0 0 0 -2 0 1 2 1 0 1 0/0 11:17 0:04 2:03
David Schlemko 0 0 0 0 0 0 0 1 0 0 0/0 10:59 0:00 0:00
Jeremy Welsh 0 0 0 -2 4 2 0 0 0 1 0/0 15:40 1:59 0:25
Jeremy Williams 0 0 0 -5 0 3 2 1 0 0 1/6 23:59 1:59 4:13
Josh Manson 0 0 0 0 0 0 1 0 0 0 0/0 11:19 0:00 0:00
Mark Jankowski 0 1 1 -2 0 0 1 1 0 0 3/5 12:01 0:04 1:43
Mark McNeill 1 0 1 1 0 1 1 1 0 0 0/1 13:10 0:00 0:00
Markus Granlund 0 0 0 1 0 1 1 0 0 1 11/18 17:13 1:55 0:00
Mattias Backman 0 0 0 0 0 0 0 0 0 0 0/0 5:59 0:00 0:00
Nate Schmidt 0 0 0 -1 0 4 0 4 0 1 0/0 25:25 2:14 4:34
Nicolas Kerdiles 0 0 0 0 0 0 0 0 0 0 0/0 0:56 0:00 0:00
Ryan Murray 0 0 0 -2 0 3 1 7 0 1 0/0 24:10 1:44 3:23
Sasha Pokulok 1 1 2 0 0 2 0 1 0 0 0/0 18:52 2:14 4:34
Scott Laughton 0 0 0 -1 4 1 0 1 0 1 7/18 16:34 0:04 0:30
Zack Smith 0 1 1 1 0 1 1 0 0 0 2/7 13:21 1:59 0:00
3 Stars
1 - Daniel Paille (Que)
2 - Brendan Gallagher (Bre)
3 - Guillaume Desbiens (Que)
Power Play
Remparts - 0 on 4 Attempt(s) - 0.00%
Carnivores - 0 on 2 Attempt(s) - 0.00%
Penalty Kill
Remparts - 2 on 2 Attempt(s) - 100.00%
- Score 0 goal in Penalty Kill
Carnivores - 4 on 4 Attempt(s) - 100.00%
- Score 1 goal in Penalty Kill
Team Stat
Remparts - Hits : 14 - Faceoff Wins : 32 - Blocked Shots : 7 - Penalty Minutes : 4
Carnivores - Hits : 15 - Faceoff Wins : 26 - Blocked Shots : 19 - Penalty Minutes : 8
Official
Referees : Hasenfratz Mike and Peel Tim
Linesman : Mark Wheler and Brian Murphy
Game Notes
Nicolas Kerdiles is injured at 3:59 of 1st period (Left Knee)
Finance
Level 1 -- Attendance: 1523 (76.15%) -- Ticket Income $60,920
Level 2 -- Attendance: 785 (78.50%) -- Ticket Income $15,700
Total Attendance: 2308 (76.93%)
Total Ticket Income: $76,620
Other Income: $3,831
Total Income: $80,451
Remparts
5 vs 5 Forward
Center Left Wing Right Wing Time % Phy DF OF
1 Mika Zibanejad Alex Galchenyuk Guillaume Desbiens 40 0 2 3
2 Max Reinhart Daniel Paille Ryan Strome 30 0 2 3
3 Chris Mueller Pasi Salonen Matt Halischuk 20 0 2 3
4 Mitchell Heard Johannes Salmonsson Dale Weise 10 0 2 3
5 vs 5 Defense
Defense Defense Time % Phy DF OF
1 William Colbert Cody Ceci 40 1 2 2
2 Mike Weber Griffin Reinhart 30 1 2 2
3 Michal Jordan Michael Paliotta 20 1 2 2
4 William Colbert Cody Ceci 10 1 2 2
PowerPlay Forward
Center Left Wing Right Wing Time % Phy DF OF
1 Mika Zibanejad Alex Galchenyuk Guillaume Desbiens 60 1 0 4
2 Max Reinhart Daniel Paille Ryan Strome 40 1 0 4
PowerPlay Defense
Defense Defense Time % Phy DF OF
1 William Colbert Mike Weber 60 0 2 3
2 Michal Jordan Griffin Reinhart 40 0 2 3
Penalty Kill 4 Players Forward
Center Wing Time % Phy DF OF
1 Max Reinhart Johannes Salmonsson 60 0 4 1
2 Chris Mueller Pasi Salonen 40 0 4 1
Penalty Kill 4 Players Defense
Defense Defense Time % Phy DF OF
1 Cody Ceci Mike Weber 60 1 4 0
2 William Colbert Michal Jordan 40 1 4 0
Penalty Kill - 3 Players Forward
Forward Time % Phy DF OF
1 Max Reinhart 60 0 4 1
2 Chris Mueller 40 0 4 1
Penalty Kill - 3 Players Defense
Defense Defense Time % Phy DF OF
1 Cody Ceci Mike Weber 60 1 4 0
2 William Colbert Michal Jordan 40 1 4 0
4 vs 4 Forward
Center Wing Time % Phy DF OF
1 Mika Zibanejad Alex Galchenyuk 60 0 2 3
2 Max Reinhart Guillaume Desbiens 40 0 2 3
4 vs 4 Defense
Defense Defense Time % Phy DF OF
1 William Colbert Cody Ceci 60 1 2 2
2 Mike Weber Griffin Reinhart 40 1 2 2
Last Minutes Offensive
Center Left Wing Right Wing Defense Defense
Mika Zibanejad Alex Galchenyuk Guillaume Desbiens William Colbert Mike Weber
Last Minutes Defensive
Center Left Wing Right Wing Defense Defense
Max Reinhart Johannes Salmonsson Guillaume Desbiens Cody Ceci Mike Weber
Goaltenders
Starting : Igor Bobkov
Backup : Tyler Plante
Extra Forwards
Normal : Ryan Strome, Alex Galchenyuk, Mika Zibanejad - PP : Ryan Strome, Alex Galchenyuk - PK : Guillaume Desbiens
Extra Defensemen
Normal : Griffin Reinhart, Cody Ceci, Mike Weber - PP : Cody Ceci - PK : Griffin Reinhart, Cody Ceci
Penalty Shots
Alex Galchenyuk, Pasi Salonen, Daniel Paille, Ryan Strome, Matt Halischuk
Scratches
Kris Russell (Healthy), Anton Zlobin (Healthy), Erik Gustafsson (Healthy), Tim Bozon (Healthy), François Brassard (Healthy)
Carnivores
5 vs 5 Forward
Center Left Wing Right Wing Time % Phy DF OF
1 Markus Granlund Blake Geoffrion Brendan Gallagher 40 1 2 2
2 Scott Laughton Jeremy Welsh Jeremy Williams 30 1 2 2
3 Zack Smith Nicolas Kerdiles Mark McNeill 20 1 2 2
4 Mark Jankowski Jeremy Williams Colton Orr 10 1 2 2
5 vs 5 Defense
Defense Defense Time % Phy DF OF
1 Ryan Murray Nate Schmidt 40 1 2 2
2 Sasha Pokulok Bobby Sanguinetti 30 1 2 2
3 Josh Manson David Schlemko 20 1 2 2
4 Mattias Backman Adam Pelech 10 1 2 2
PowerPlay Forward
Center Left Wing Right Wing Time % Phy DF OF
1 Zack Smith Blake Geoffrion Jeremy Williams 60 1 2 2
2 Markus Granlund Jeremy Welsh Brendan Gallagher 40 1 2 2
PowerPlay Defense
Defense Defense Time % Phy DF OF
1 Sasha Pokulok Nate Schmidt 60 1 2 2
2 Ryan Murray Bobby Sanguinetti 40 1 2 2
Penalty Kill 4 Players Forward
Center Wing Time % Phy DF OF
1 Jeremy Williams Brendan Gallagher 60 1 2 2
2 Blake Geoffrion Colton Orr 40 1 2 2
Penalty Kill 4 Players Defense
Defense Defense Time % Phy DF OF
1 Sasha Pokulok Nate Schmidt 60 1 2 2
2 Ryan Murray Bobby Sanguinetti 40 1 2 2
Penalty Kill - 3 Players Forward
Forward Time % Phy DF OF
1 Jeremy Williams 60 1 2 2
2 Brendan Gallagher 40 1 2 2
Penalty Kill - 3 Players Defense
Defense Defense Time % Phy DF OF
1 Sasha Pokulok Nate Schmidt 60 1 2 2
2 Ryan Murray Bobby Sanguinetti 40 1 2 2
4 vs 4 Forward
Center Wing Time % Phy DF OF
1 Jeremy Williams Brendan Gallagher 60 1 2 2
2 Blake Geoffrion Colton Orr 40 1 2 2
4 vs 4 Defense
Defense Defense Time % Phy DF OF
1 Sasha Pokulok Nate Schmidt 60 1 2 2
2 Ryan Murray Bobby Sanguinetti 40 1 2 2
Last Minutes Offensive
Center Left Wing Right Wing Defense Defense
Zack Smith Blake Geoffrion Jeremy Williams Sasha Pokulok Nate Schmidt
Last Minutes Defensive
Center Left Wing Right Wing Defense Defense
Zack Smith Blake Geoffrion Jeremy Williams Sasha Pokulok Nate Schmidt
Goaltenders
Starting : Antti Raanta
Backup : Mike McKenna
Extra Forwards
Normal : Jeremy Williams, Blake Geoffrion, Scott Laughton - PP : Jeremy Williams, Blake Geoffrion - PK : Scott Laughton
Extra Defensemen
Normal : Adam Almquist, Josh Manson, David Schlemko - PP : Adam Almquist - PK : Josh Manson, David Schlemko
Penalty Shots
Jeremy Williams, Brendan Gallagher, Blake Geoffrion, Colton Orr, Jeremy Welsh
Scratches
Mat Clark (Bruised Right Shoulder Injury), Stanislav Galiev (Healthy), Mark MacMillan (Healthy), Tyler Graovac (Healthy), Patrick McNeill (Healthy)
Nicolas Kerdiles (Left Knee Injury), Troy Bourke (Healthy), Alexandre Mallet (Healthy), Michael Schumacher (Healthy), Frederic St-Denis (Healthy)
Daniel Altshuller (Healthy)
% Time on Ice - Remparts
Lines # - Real PCT - Wanted PCT - Time Play
Normal Forward
1 - 37% - 40% - 17:55
2 - 25% - 30% - 11:49
3 - 23% - 20% - 11:17
4 - 15% - 10% - 7:04
Normal Defense
1 - 42% - 40% - 20:05
2 - 31% - 30% - 14:40
3 - 24% - 20% - 11:24
4 - 4% - 10% - 1:56
PP Forward
1 - 49% - 60% - 3:53
2 - 51% - 40% - 4:04
PP Defense
1 - 64% - 60% - 5:04
2 - 36% - 40% - 2:53
PK Forward
1 - 78% - 60% - 3:06
2 - 22% - 40% - 0:52
PK Defense
1 - 50% - 60% - 1:58
2 - 50% - 40% - 2:00
PK3 Forward
1 - 0% - 60%
2 - 0% - 40%
PK3 Defense
1 - 0% - 60%
2 - 0% - 40%
44 Forward
1 - 0% - 60%
2 - 0% - 40%
44 Defense
1 - 0% - 60%
2 - 0% - 40%
Last Minute Offensive - 0:00
Last Minute Defensive - 0:00
Total
Forward - 60:00
Defense - 60:00
|
% Time on Ice - Carnivores
Lines # - Real PCT - Wanted PCT - Time Play
Normal Forward
1 - 37% - 40% - 17:53
2 - 21% - 30% - 10:18
3 - 27% - 20% - 12:49
4 - 15% - 10% - 7:05
Normal Defense
1 - 39% - 40% - 18:37
2 - 26% - 30% - 12:30
3 - 23% - 20% - 10:59
4 - 12% - 10% - 5:59
PP Forward
1 - 52% - 60% - 2:03
2 - 48% - 40% - 1:55
PP Defense
1 - 56% - 60% - 2:14
2 - 44% - 40% - 1:44
PK Forward
1 - 74% - 60% - 5:54
2 - 26% - 40% - 2:03
PK Defense
1 - 57% - 60% - 4:34
2 - 43% - 40% - 3:23
PK3 Forward
1 - 0% - 60%
2 - 0% - 40%
PK3 Defense
1 - 0% - 60%
2 - 0% - 40%
44 Forward
1 - 0% - 60%
2 - 0% - 40%
44 Defense
1 - 0% - 60%
2 - 0% - 40%
Last Minute Offensive - 0:00
Last Minute Defensive - 0:00
Total
Forward - 60:00
Defense - 60:00
|
Play by Play
1st period
0:01 of 1st period - Mika Zibanejad wins face-off versus Markus Granlund in neutral zone.
0:35 of 1st period - Off-side.
0:36 of 1st period - Chris Mueller wins face-off versus Zack Smith in neutral zone.
0:47 of 1st period - Snap shot by Pasi Salonen.
0:47 of 1st period - Stopped by Antti Raanta with a rebound.
1:10 of 1st period - Backhand shot by Mitchell Heard.
1:10 of 1st period - Shot Blocked by Jeremy Williams.
1:35 of 1st period - Off-side.
1:36 of 1st period - Scott Laughton wins face-off versus Max Reinhart in neutral zone.
1:49 of 1st period - Wrist shot by Ryan Strome.
1:49 of 1st period - Stopped by Antti Raanta with a rebound.
2:06 of 1st period - Nate Schmidt is hit by Cody Ceci.
3:20 of 1st period - Wrist shot by Max Reinhart.
3:20 of 1st period - Shot Misses the Net.
3:58 of 1st period - Nicolas Kerdiles is hit by Matt Halischuk and loses puck.
3:59 of 1st period - Nicolas Kerdiles from Carnivores is injured at 3:59 of 1st period (Left Knee).
4:00 of 1st period - Alex Galchenyuk wins face-off versus Markus Granlund in Carnivores zone.
4:07 of 1st period - Snap shot by Blake Geoffrion.
4:07 of 1st period - Stopped by Igor Bobkov without a rebound.
4:08 of 1st period - Brendan Gallagher wins face-off versus Mika Zibanejad in Remparts zone.
4:11 of 1st period - Wrist shot by Blake Geoffrion.
4:11 of 1st period - Stopped by Igor Bobkov with a rebound.
4:13 of 1st period - Wrist shot by Sasha Pokulok.
4:13 of 1st period - Deflect By Brendan Gallagher.
4:13 of 1st period - Goal by Brendan Gallagher - Remparts : 0 - Carnivores : 1.
4:14 of 1st period - Daniel Paille wins face-off versus Scott Laughton in neutral zone.
4:29 of 1st period - Wrist shot by Ryan Strome.
4:29 of 1st period - Stopped by Antti Raanta with a rebound.
4:43 of 1st period - Snap shot by Guillaume Desbiens.
4:43 of 1st period - Stopped by Antti Raanta with a rebound.
4:45 of 1st period - Slapshot by William Colbert.
4:45 of 1st period - Shot Blocked by Ryan Murray.
4:47 of 1st period - Slapshot by William Colbert.
4:47 of 1st period - Shot Blocked by Nate Schmidt.
5:35 of 1st period - Snap shot by Daniel Paille.
5:35 of 1st period - Goal by Daniel Paille - Remparts : 1 - Carnivores : 1.
5:36 of 1st period - Markus Granlund wins face-off versus Mika Zibanejad in neutral zone.
5:39 of 1st period - Slapshot by Brendan Gallagher.
5:39 of 1st period - Deflect By Markus Granlund.
5:39 of 1st period - Shot Misses the Net.
5:39 of 1st period - Puck is out of play.
5:40 of 1st period - Mika Zibanejad wins face-off versus Markus Granlund in Remparts zone.
5:55 of 1st period - Wrist shot by Alex Galchenyuk.
5:55 of 1st period - Stopped by Antti Raanta without a rebound.
5:56 of 1st period - Max Reinhart wins face-off versus Scott Laughton in Carnivores zone.
6:01 of 1st period - Wrist shot by Ryan Strome.
6:01 of 1st period - Stopped by Antti Raanta without a rebound.
6:02 of 1st period - Max Reinhart wins face-off versus Scott Laughton in Carnivores zone.
6:34 of 1st period - Wrist shot by Alex Galchenyuk.
6:34 of 1st period - Stopped by Antti Raanta without a rebound.
6:35 of 1st period - Markus Granlund wins face-off versus Mika Zibanejad in Carnivores zone.
6:37 of 1st period - Icing by Blake Geoffrion.
6:38 of 1st period - Markus Granlund wins face-off versus Mika Zibanejad in Carnivores zone.
6:47 of 1st period - Michal Jordan is hit by Markus Granlund.
7:07 of 1st period - Backhand shot by Blake Geoffrion.
7:07 of 1st period - Shot Blocked by Ryan Strome.
7:47 of 1st period - Snap shot by Sasha Pokulok.
7:47 of 1st period - Stopped by Igor Bobkov with a rebound.
8:26 of 1st period - Snap shot by Daniel Paille.
8:26 of 1st period - Goal by Daniel Paille - Remparts : 2 - Carnivores : 1.
8:27 of 1st period - Mika Zibanejad wins face-off versus Scott Laughton in neutral zone.
8:52 of 1st period - Cody Ceci is hit by Brendan Gallagher and loses puck.
9:17 of 1st period - Chris Mueller is hit by Bobby Sanguinetti and loses puck.
9:22 of 1st period - Snap shot by Jeremy Williams.
9:22 of 1st period - Shot Misses the Net.
9:58 of 1st period - Backhand shot by Guillaume Desbiens.
9:58 of 1st period - Stopped by Antti Raanta without a rebound.
9:59 of 1st period - Max Reinhart wins face-off versus Markus Granlund in Carnivores zone.
10:20 of 1st period - Snap shot by Mark McNeill.
10:20 of 1st period - Goal by Mark McNeill - Remparts : 2 - Carnivores : 2.
10:21 of 1st period - Mika Zibanejad wins face-off versus Scott Laughton in neutral zone.
10:30 of 1st period - Snap shot by Alex Galchenyuk.
10:30 of 1st period - Stopped by Antti Raanta with a rebound.
10:32 of 1st period - Wrist shot by William Colbert.
10:32 of 1st period - Stopped by Antti Raanta with a rebound.
10:34 of 1st period - Snap shot by Guillaume Desbiens.
10:34 of 1st period - Goal by Guillaume Desbiens - Remparts : 3 - Carnivores : 2.
10:35 of 1st period - Markus Granlund wins face-off versus Mika Zibanejad in neutral zone.
10:42 of 1st period - Snap shot by Mika Zibanejad.
10:42 of 1st period - Shot Misses the Net.
10:46 of 1st period - Snap shot by Alex Galchenyuk.
10:46 of 1st period - Deflect By Nate Schmidt.
10:46 of 1st period - Stopped by Antti Raanta without a rebound.
10:47 of 1st period - Chris Mueller wins face-off versus Scott Laughton in Carnivores zone.
10:52 of 1st period - Snap shot by Pasi Salonen.
10:52 of 1st period - Stopped by Antti Raanta with a rebound.
11:18 of 1st period - Wrist shot by Brendan Gallagher.
11:18 of 1st period - Goal by Brendan Gallagher - Remparts : 3 - Carnivores : 3.
11:19 of 1st period - Markus Granlund wins face-off versus Max Reinhart in neutral zone.
11:47 of 1st period - Minor Penalty to Scott Laughton for Hooking.
11:48 of 1st period - Alex Galchenyuk wins face-off versus Jeremy Williams in Carnivores zone.
11:51 of 1st period - Snap shot by Guillaume Desbiens.
11:51 of 1st period - Stopped by Antti Raanta without a rebound.
11:52 of 1st period - Mika Zibanejad wins face-off versus Jeremy Williams in Carnivores zone.
12:51 of 1st period - Ryan Murray is hit by Alex Galchenyuk and loses puck.
13:47 of 1st period - Penalty to Scott Laughton is over, Scott Laughton is back on ice.
16:29 of 1st period - Icing by Mark McNeill.
16:30 of 1st period - Max Reinhart wins face-off versus Scott Laughton in Carnivores zone.
16:41 of 1st period - Snap shot by Daniel Paille.
16:41 of 1st period - Shot Misses the Net.
16:43 of 1st period - Wrist shot by Ryan Strome.
16:43 of 1st period - Stopped by Antti Raanta without a rebound.
16:44 of 1st period - Mark Jankowski wins face-off versus Mika Zibanejad in Carnivores zone.
16:53 of 1st period - Slapshot by Alex Galchenyuk.
16:53 of 1st period - Goal by Alex Galchenyuk - Remparts : 4 - Carnivores : 3.
16:54 of 1st period - Markus Granlund wins face-off versus Mika Zibanejad in neutral zone.
17:07 of 1st period - Wrist shot by Blake Geoffrion.
17:07 of 1st period - Stopped by Igor Bobkov without a rebound.
17:08 of 1st period - Scott Laughton wins face-off versus Max Reinhart in Remparts zone.
17:13 of 1st period - Snap shot by Jeremy Welsh.
17:13 of 1st period - Stopped by Igor Bobkov without a rebound.
17:14 of 1st period - Scott Laughton wins face-off versus Max Reinhart in Remparts zone.
17:23 of 1st period - Wrist shot by Jeremy Williams.
17:23 of 1st period - Shot Misses the Net.
17:25 of 1st period - Slapshot by Ryan Murray.
17:25 of 1st period - Shot Misses the Net.
17:27 of 1st period - Snap shot by Jeremy Welsh.
17:27 of 1st period - Stopped by Igor Bobkov with a rebound.
17:39 of 1st period - Slapshot by Guillaume Desbiens.
17:39 of 1st period - Shot Blocked by Ryan Murray.
18:05 of 1st period - Icing by Ryan Murray.
18:06 of 1st period - Zack Smith wins face-off versus Max Reinhart in Carnivores zone.
19:38 of 1st period - Snap shot by Daniel Paille.
19:38 of 1st period - Stopped by Antti Raanta with a rebound.
19:56 of 1st period - David Schlemko is hit by Johannes Salmonsson and loses puck.
Goals for this period are 4 for Remparts vs 3 for Carnivores.
Shots for this period are 19 for Remparts vs 9 for Carnivores.
2nd period
0:01 of 2nd period - Mika Zibanejad wins face-off versus Markus Granlund in neutral zone.
0:08 of 2nd period - Wrist shot by Guillaume Desbiens.
0:08 of 2nd period - Stopped by Antti Raanta without a rebound.
0:09 of 2nd period - Markus Granlund wins face-off versus Mika Zibanejad in Carnivores zone.
0:30 of 2nd period - Snap shot by Guillaume Desbiens.
0:30 of 2nd period - Shot Blocked by Nate Schmidt.
0:32 of 2nd period - Wrist shot by Alex Galchenyuk.
0:32 of 2nd period - Stopped by Antti Raanta with a rebound.
0:34 of 2nd period - Slapshot by Alex Galchenyuk.
0:34 of 2nd period - Stopped by Antti Raanta without a rebound.
0:35 of 2nd period - Max Reinhart wins face-off versus Scott Laughton in Carnivores zone.
0:39 of 2nd period - Minor Penalty to Scott Laughton for Hooking.
0:40 of 2nd period - Mika Zibanejad wins face-off versus Jeremy Williams in Carnivores zone.
1:05 of 2nd period - Max Reinhart is hit by Colton Orr and loses puck.
2:39 of 2nd period - Penalty to Scott Laughton is over, Scott Laughton is back on ice.
2:43 of 2nd period - Icing by Mark Jankowski.
2:44 of 2nd period - Chris Mueller wins face-off versus Mark Jankowski in Carnivores zone.
3:17 of 2nd period - Snap shot by Brendan Gallagher.
3:17 of 2nd period - Stopped by Igor Bobkov with a rebound.
3:19 of 2nd period - Snap shot by Mark Jankowski.
3:19 of 2nd period - Deflect By Johannes Salmonsson.
3:19 of 2nd period - Shot Blocked by Mitchell Heard.
3:19 of 2nd period - Puck is out of play.
3:20 of 2nd period - Mika Zibanejad wins face-off versus Zack Smith in Remparts zone.
3:47 of 2nd period - Jeremy Williams is hit by William Colbert and loses puck.
4:06 of 2nd period - Snap shot by Pasi Salonen.
4:06 of 2nd period - Stopped by Antti Raanta with a rebound.
4:10 of 2nd period - Slapshot by Pasi Salonen.
4:10 of 2nd period - Stopped by Antti Raanta with a rebound.
4:12 of 2nd period - Snap shot by Matt Halischuk.
4:12 of 2nd period - Shot Misses the Net.
4:14 of 2nd period - Slapshot by Matt Halischuk.
4:14 of 2nd period - Stopped by Antti Raanta without a rebound.
4:15 of 2nd period - Mika Zibanejad wins face-off versus Blake Geoffrion in Carnivores zone.
4:30 of 2nd period - Wrist shot by Alex Galchenyuk.
4:30 of 2nd period - Stopped by Antti Raanta with a rebound.
5:05 of 2nd period - Wrist shot by Jeremy Williams.
5:05 of 2nd period - Shot Misses the Net.
6:12 of 2nd period - Slapshot by William Colbert.
6:12 of 2nd period - Shot Misses the Net.
6:14 of 2nd period - Backhand shot by Alex Galchenyuk.
6:14 of 2nd period - Shot Misses the Net.
6:16 of 2nd period - Snap shot by Mika Zibanejad.
6:16 of 2nd period - Shot Blocked by Colton Orr.
6:18 of 2nd period - Snap shot by Cody Ceci.
6:18 of 2nd period - Shot Blocked by Mark Jankowski.
6:48 of 2nd period - Matt Halischuk is hit by Brendan Gallagher.
6:58 of 2nd period - Slapshot by Matt Halischuk.
6:58 of 2nd period - Shot Blocked by Scott Laughton.
7:40 of 2nd period - Double Minor Penalty to Jeremy Welsh for Roughing.
7:41 of 2nd period - Mika Zibanejad wins face-off versus Jeremy Williams in Carnivores zone.
8:11 of 2nd period - Slapshot by Daniel Paille.
8:11 of 2nd period - Stopped by Antti Raanta without a rebound.
8:12 of 2nd period - Jeremy Williams wins face-off versus Max Reinhart in Carnivores zone.
8:29 of 2nd period - Slapshot by Ryan Murray.
8:29 of 2nd period - Deflect By Daniel Paille.
8:29 of 2nd period - Stopped by Igor Bobkov with a rebound.
10:37 of 2nd period - Alex Galchenyuk is hit by Colton Orr and loses puck.
10:43 of 2nd period - Icing by Alex Galchenyuk.
10:44 of 2nd period - Mark Jankowski wins face-off versus Mika Zibanejad in Remparts zone.
10:45 of 2nd period - Slapshot by Sasha Pokulok.
10:45 of 2nd period - Deflect By Alex Galchenyuk.
10:45 of 2nd period - Goal by Sasha Pokulok - Remparts : 4 - Carnivores : 4.
10:46 of 2nd period - Mika Zibanejad wins face-off versus Jeremy Williams in neutral zone.
10:53 of 2nd period - Wrist shot by Guillaume Desbiens.
10:53 of 2nd period - Shot Misses the Net.
10:55 of 2nd period - Slapshot by Mike Weber.
10:55 of 2nd period - Shot Misses the Net.
11:40 of 2nd period - Penalty to Jeremy Welsh is over, Jeremy Welsh is back on ice.
11:55 of 2nd period - Slapshot by Ryan Murray.
11:55 of 2nd period - Stopped by Igor Bobkov without a rebound.
11:56 of 2nd period - Mika Zibanejad wins face-off versus Zack Smith in Remparts zone.
12:21 of 2nd period - Pasi Salonen is hit by Jeremy Williams and loses puck.
12:59 of 2nd period - Slapshot by Nate Schmidt.
12:59 of 2nd period - Shot Blocked by Mika Zibanejad.
13:01 of 2nd period - Snap shot by Colton Orr.
13:01 of 2nd period - Stopped by Igor Bobkov with a rebound.
13:39 of 2nd period - Mitchell Heard is hit by Brendan Gallagher and loses puck.
13:50 of 2nd period - David Schlemko is hit by Mike Weber and loses puck.
14:17 of 2nd period - Josh Manson is hit by Guillaume Desbiens and loses puck.
14:44 of 2nd period - Slapshot by Mark McNeill.
14:44 of 2nd period - Shot Misses the Net.
15:02 of 2nd period - Nate Schmidt is hit by Mike Weber and loses puck.
15:10 of 2nd period - Icing by Sasha Pokulok.
15:11 of 2nd period - Alex Galchenyuk wins face-off versus Mark Jankowski in Carnivores zone.
15:14 of 2nd period - Snap shot by Guillaume Desbiens.
15:14 of 2nd period - Goal by Guillaume Desbiens - Remparts : 5 - Carnivores : 4.
15:15 of 2nd period - Scott Laughton wins face-off versus Mika Zibanejad in neutral zone.
15:22 of 2nd period - Snap shot by Jeremy Williams.
15:22 of 2nd period - Stopped by Igor Bobkov with a rebound.
15:24 of 2nd period - Wrist shot by Jeremy Williams.
15:24 of 2nd period - Stopped by Igor Bobkov without a rebound.
15:25 of 2nd period - Scott Laughton wins face-off versus Mika Zibanejad in Remparts zone.
15:26 of 2nd period - Wrist shot by Jeremy Williams.
15:26 of 2nd period - Stopped by Igor Bobkov with a rebound.
15:28 of 2nd period - Slapshot by Nate Schmidt.
15:28 of 2nd period - Shot Misses the Net.
15:30 of 2nd period - Slapshot by Nate Schmidt.
15:30 of 2nd period - Stopped by Igor Bobkov with a rebound.
15:32 of 2nd period - Slapshot by Scott Laughton.
15:32 of 2nd period - Stopped by Igor Bobkov with a rebound.
15:34 of 2nd period - Wrist shot by Jeremy Welsh.
15:34 of 2nd period - Shot Misses the Net.
15:36 of 2nd period - Slapshot by Nate Schmidt.
15:36 of 2nd period - Stopped by Igor Bobkov with a rebound.
15:38 of 2nd period - Snap shot by Ryan Murray.
15:38 of 2nd period - Stopped by Igor Bobkov without a rebound.
15:39 of 2nd period - Markus Granlund wins face-off versus Max Reinhart in Remparts zone.
15:50 of 2nd period - Slapshot by Blake Geoffrion.
15:50 of 2nd period - Stopped by Igor Bobkov with a rebound.
15:52 of 2nd period - Slapshot by Nate Schmidt.
15:52 of 2nd period - Stopped by Igor Bobkov without a rebound.
15:53 of 2nd period - Scott Laughton wins face-off versus Mika Zibanejad in Remparts zone.
17:43 of 2nd period - Icing by Guillaume Desbiens.
17:44 of 2nd period - Markus Granlund wins face-off versus Max Reinhart in Remparts zone.
17:53 of 2nd period - Off-side.
17:54 of 2nd period - Scott Laughton wins face-off versus Mika Zibanejad in neutral zone.
18:01 of 2nd period - Snap shot by Jeremy Welsh.
18:01 of 2nd period - Shot Blocked by Guillaume Desbiens.
18:03 of 2nd period - Snap shot by Jeremy Welsh.
18:03 of 2nd period - Shot Blocked by Cody Ceci.
18:05 of 2nd period - Snap shot by Scott Laughton.
18:05 of 2nd period - Shot Misses the Net.
18:23 of 2nd period - Snap shot by Zack Smith.
18:23 of 2nd period - Stopped by Igor Bobkov with a rebound.
18:53 of 2nd period - William Colbert is hit by Zack Smith.
19:11 of 2nd period - Snap shot by Daniel Paille.
19:11 of 2nd period - Stopped by Antti Raanta with a rebound.
19:13 of 2nd period - Wrist shot by Daniel Paille.
19:13 of 2nd period - Stopped by Antti Raanta with a rebound.
19:17 of 2nd period - Snap shot by Daniel Paille.
19:17 of 2nd period - Shot Blocked by Ryan Murray.
19:19 of 2nd period - Slapshot by William Colbert.
19:19 of 2nd period - Stopped by Antti Raanta with a rebound.
19:29 of 2nd period - Michael Paliotta is hit by Jeremy Williams and loses puck.
19:50 of 2nd period - Slapshot by Matt Halischuk.
19:50 of 2nd period - Stopped by Antti Raanta with a rebound.
Goals for this period are 1 for Remparts vs 1 for Carnivores.
Shots for this period are 13 for Remparts vs 15 for Carnivores.
3rd period
0:01 of 3rd period - Mika Zibanejad wins face-off versus Markus Granlund in neutral zone.
0:10 of 3rd period - Slapshot by Markus Granlund.
0:10 of 3rd period - Stopped by Igor Bobkov without a rebound.
0:11 of 3rd period - Markus Granlund wins face-off versus Mika Zibanejad in Remparts zone.
0:20 of 3rd period - Snap shot by Brendan Gallagher.
0:20 of 3rd period - Shot Misses the Net.
0:43 of 3rd period - Snap shot by William Colbert.
0:43 of 3rd period - Stopped by Antti Raanta with a rebound.
0:59 of 3rd period - Mark McNeill is hit by Mitchell Heard and loses puck.
1:06 of 3rd period - Snap shot by Johannes Salmonsson.
1:06 of 3rd period - Shot Blocked by Mark McNeill.
2:10 of 3rd period - Snap shot by Guillaume Desbiens.
2:10 of 3rd period - Shot Blocked by David Schlemko.
2:22 of 3rd period - Michal Jordan is hit by Josh Manson and loses puck.
2:41 of 3rd period - Snap shot by Johannes Salmonsson.
2:41 of 3rd period - Stopped by Antti Raanta without a rebound.
2:42 of 3rd period - Mika Zibanejad wins face-off versus Zack Smith in Carnivores zone.
2:49 of 3rd period - Wrist shot by Alex Galchenyuk.
2:49 of 3rd period - Shot Blocked by Ryan Murray.
3:08 of 3rd period - Blake Geoffrion is hit by Daniel Paille and loses puck.
3:23 of 3rd period - Minor Penalty to Mike Weber for High sticking.
3:24 of 3rd period - Max Reinhart wins face-off versus Zack Smith in Remparts zone.
3:24 of 3rd period - Max Reinhart is hit by Blake Geoffrion.
3:54 of 3rd period - Wrist shot by Brendan Gallagher.
3:54 of 3rd period - Shot Blocked by Griffin Reinhart.
3:56 of 3rd period - Slapshot by Sasha Pokulok.
3:56 of 3rd period - Deflect By Brendan Gallagher.
3:56 of 3rd period - Deflect By Griffin Reinhart.
3:56 of 3rd period - Stopped by Igor Bobkov with a rebound.
4:14 of 3rd period - Alex Galchenyuk is hit by Ryan Murray and loses puck.
5:22 of 3rd period - Backhand shot by Guillaume Desbiens.
5:22 of 3rd period - Stopped by Antti Raanta with a rebound.
5:23 of 3rd period - Penalty to Mike Weber is over, Mike Weber is back on ice.
5:24 of 3rd period - Wrist shot by Guillaume Desbiens.
5:24 of 3rd period - Shot Blocked by Sasha Pokulok.
5:26 of 3rd period - Slapshot by William Colbert.
5:26 of 3rd period - Shot Misses the Net.
5:39 of 3rd period - Off-side.
5:40 of 3rd period - Mark Jankowski wins face-off versus Chris Mueller in neutral zone.
5:45 of 3rd period - Matt Halischuk is hit by Mark Jankowski and loses puck.
6:33 of 3rd period - Jeremy Welsh is hit by Michael Paliotta and loses puck.
7:58 of 3rd period - Wrist shot by Jeremy Williams.
7:58 of 3rd period - Shot Misses the Net.
8:50 of 3rd period - Snap shot by William Colbert.
8:50 of 3rd period - Shot Misses the Net.
9:11 of 3rd period - Minor Penalty to Michal Jordan for Interference.
9:12 of 3rd period - Zack Smith wins face-off versus Max Reinhart in Remparts zone.
9:33 of 3rd period - Snap shot by Brendan Gallagher.
9:33 of 3rd period - Stopped by Igor Bobkov with a rebound.
11:11 of 3rd period - Penalty to Michal Jordan is over, Michal Jordan is back on ice.
11:19 of 3rd period - Slapshot by Matt Halischuk.
11:19 of 3rd period - Stopped by Antti Raanta with a rebound.
11:21 of 3rd period - Wrist shot by Chris Mueller.
11:21 of 3rd period - Shot Misses the Net.
11:47 of 3rd period - Mark McNeill is hit by Mitchell Heard and loses puck.
12:04 of 3rd period - Backhand shot by Alex Galchenyuk.
12:04 of 3rd period - Stopped by Antti Raanta without a rebound.
12:05 of 3rd period - Mika Zibanejad wins face-off versus Scott Laughton in Carnivores zone.
12:35 of 3rd period - Slapshot by Mark McNeill.
12:35 of 3rd period - Shot Misses the Net.
12:47 of 3rd period - Sasha Pokulok is hit by Pasi Salonen and loses puck.
13:27 of 3rd period - Nate Schmidt is hit by Guillaume Desbiens and loses puck.
13:54 of 3rd period - Snap shot by Ryan Strome.
13:54 of 3rd period - Stopped by Antti Raanta with a rebound.
14:14 of 3rd period - Slapshot by Nate Schmidt.
14:14 of 3rd period - Stopped by Igor Bobkov without a rebound.
14:15 of 3rd period - Markus Granlund wins face-off versus Mika Zibanejad in Remparts zone.
14:44 of 3rd period - Snap shot by Brendan Gallagher.
14:44 of 3rd period - Shot Blocked by Mike Weber.
14:48 of 3rd period - Slapshot by Brendan Gallagher.
14:48 of 3rd period - Stopped by Igor Bobkov without a rebound.
14:49 of 3rd period - Max Reinhart wins face-off versus Mark McNeill in Remparts zone.
14:59 of 3rd period - Cody Ceci is hit by Mark McNeill and loses puck.
15:45 of 3rd period - Snap shot by Daniel Paille.
15:45 of 3rd period - Shot Blocked by Nate Schmidt.
15:47 of 3rd period - Slapshot by Michael Paliotta.
15:47 of 3rd period - Shot Blocked by Ryan Murray.
15:49 of 3rd period - Slapshot by Max Reinhart.
15:49 of 3rd period - Shot Misses the Net.
15:51 of 3rd period - Snap shot by Ryan Strome.
15:51 of 3rd period - Goal by Ryan Strome - Remparts : 6 - Carnivores : 4.
15:52 of 3rd period - Blake Geoffrion wins face-off versus Mika Zibanejad in neutral zone.
16:00 of 3rd period - Icing by Mika Zibanejad.
16:01 of 3rd period - Mika Zibanejad wins face-off versus Markus Granlund in Remparts zone.
16:10 of 3rd period - Wrist shot by Alex Galchenyuk.
16:10 of 3rd period - Shot Blocked by Nate Schmidt.
16:59 of 3rd period - Wrist shot by Guillaume Desbiens.
16:59 of 3rd period - Shot Blocked by Brendan Gallagher.
17:01 of 3rd period - Snap shot by Mika Zibanejad.
17:01 of 3rd period - Shot Blocked by Ryan Murray.
17:03 of 3rd period - Snap shot by Guillaume Desbiens.
17:03 of 3rd period - Shot Blocked by Ryan Murray.
17:31 of 3rd period - Snap shot by Alex Galchenyuk.
17:31 of 3rd period - Stopped by Antti Raanta with a rebound.
17:33 of 3rd period - Slapshot by William Colbert.
17:33 of 3rd period - Shot Misses the Net.
17:51 of 3rd period - Wrist shot by Guillaume Desbiens.
17:51 of 3rd period - Shot Misses the Net.
17:53 of 3rd period - Slapshot by William Colbert.
17:53 of 3rd period - Shot Misses the Net.
18:07 of 3rd period - Wrist shot by Alex Galchenyuk.
18:07 of 3rd period - Stopped by Antti Raanta without a rebound.
18:08 of 3rd period - Chris Mueller wins face-off versus Scott Laughton in Carnivores zone.
18:21 of 3rd period - Snap shot by Pasi Salonen.
18:21 of 3rd period - Stopped by Antti Raanta with a rebound.
18:23 of 3rd period - Wrist shot by Pasi Salonen.
18:23 of 3rd period - Stopped by Antti Raanta without a rebound.
18:24 of 3rd period - Max Reinhart wins face-off versus Scott Laughton in Carnivores zone.
18:29 of 3rd period - Wrist shot by Ryan Strome.
18:29 of 3rd period - Stopped by Antti Raanta with a rebound.
19:01 of 3rd period - Wrist shot by Colton Orr.
19:01 of 3rd period - Shot Hit the Post.
Goals for this period are 1 for Remparts vs 0 for Carnivores.
Shots for this period are 12 for Remparts vs 5 for Carnivores.
Back to the Top